 Dungeon Crawl Stone Soup version 0.28-a0-595-g9f6c0e134a (webtiles) character file.

Game seed: 17508723819575372966

1041 robertstho the Magician (level 8, -1/51 HPs)
             Began as a Djinni Fire Elementalist on Oct 4, 2021.
             Slain by a wight (12 damage)
             ... on level 6 of the Dungeon.
             The game lasted 00:08:55 (7383 turns).

robertstho the Magician (Djinni Fire Elementalist)  Turns: 7383, Time: 00:08:56

Health: -1/51      AC:  2    Str:  7    XL:     8   Next: 49%
Gold:   58         EV: 13    Int: 18    God:
                   SH:  0    Dex: 15

rFire   + + .      SeeInvis .   g - +1 dagger (protect)
rCold   x . .      Faith    .   (no shield)
rNeg    . . .      Spirit   .   a - +0 robe
rPois   ∞          Reflect  .   (no helmet)
rElec   .          Harm     .   (no cloak)
rCorr   .          Rampage  .   (no gloves)
Will    .....                   (boots unavailable)
Stlth   ++........              (no amulet)
HPRegen 0.17/turn               (no ring)
MPRegen 0.00/turn               (no ring)

@: flying
A: sickness immunity, fire resistance 2, cold vulnerability 1, float, innate
caster, hp casting, extra vitality 1
a: no special abilities


You were on level 6 of the Dungeon.
You visited 1 branch of the dungeon, and saw 6 of its levels.

You collected 183 gold pieces.
You spent 125 gold pieces at shops.

Inventory:

Hand Weapons
 b - a +0 dagger
 g - a +1 dagger of protection (weapon)
Armour
 a - a +0 robe (worn)
Jewellery
 m - an amulet of regeneration
 q - a +4 ring of protection
Wands
 e - a wand of mindburst (16)
Scrolls
 d - a scroll of noise {unknown}
 i - a scroll of magic mapping
 k - 3 scrolls of teleportation
 l - 2 scrolls of enchant weapon
 n - a scroll of fog
 p - a scroll of torment {unknown}
Potions
 h - a potion of degeneration {unknown}
 j - a potion of attraction
 o - a potion of resistance {unknown}
 r - a potion of heal wounds {unknown}


   Skills:
 + Level 0.3 Fighting
 + Level 3.5 Dodging
 + Level 2.7 Stealth
 + Level 7.0 Spellcasting


You had 2 spell levels left.
You knew the following spells:

 Your Spells              Type           Power      Damage    Failure   Level
a - Foxfire               Conj/Fire      100%       2x1d9     1%          1
b - Scorch                Fire           62%        2d8       1%          2
c - Conjure Flame         Conj/Fire      31%        6-21      1%          3
d - Inner Flame           Hex/Fire       31%        N/A       1%          3
e - Flame Wave            Conj/Fire      31%        3d7       6%          4
f - Sandblast             Erth           62%        2d14      1%          1
g - Ensorcelled Hibernat  Hex/Ice        62%        N/A       1%          2
h - Lesser Beckoning      Tloc           31%        N/A       1%          3
Your spell library was empty.

Dungeon Overview and Level Annotations

Branches:
Dungeon (6/15)
 Temple: D:4-7

Altars:
Elyvilon
Ru
Beogh

Shops:
D:4 ?   D:5 =


Innate Abilities, Weirdness & Mutations

You are immune to sickness and miasma.
You are immune to poison.
Your flesh is very heat resistant. (rF++)
You are vulnerable to cold. (rC-)
You float through the air rather than walking.
You learn spells naturally, not from books.
Your magical power is your life essence.
You have superior vitality. (+4 HP)


Message History

There is a stone staircase leading up here.
Casting: Flame Wave (dangerous; 6% risk of failure)
Confirm with . or Enter, or press ? or * to list all spells.
Flames lash the wight but do no damage.
Casting: Scorch (safe; 1% risk of failure)
Confirm with . or Enter, or press ? or * to list all spells.
Flames lash the wight.
The wight is moderately damaged.
The wight's fire resistance burns away.
Casting: Scorch (safe; 1% risk of failure)
Confirm with . or Enter, or press ? or * to list all spells.
Flames lash the wight.
The wight is burned terribly!
The wight is heavily damaged.
Casting: Scorch (safe; 1% risk of failure)
Confirm with . or Enter, or press ? or * to list all spells.
Casting: Flame Wave (dangerous; 6% risk of failure)
Press: ? - help, Dir - look around, f - activate A wave of flame ripples out!
The flame wave engulfs the wight!
The wight is burned terribly!
You destroy the wight! (Press . to intensify the flame waves.)
Your Spellcasting skill increases to level 7!
A wave of flame ripples out!
A hound comes into view.
The wight hits you from afar with a +5 spear!
* * * LOW HITPOINT WARNING * * *
A wave of flame ripples out!
The flame wave engulfs the wight.
The wight is heavily damaged.
* * * LOW HITPOINT WARNING * * *
You finish channelling waves of flame.
The wight hits you from afar with a +5 spear!
* * * LOW HITPOINT WARNING * * *
Unknown command.
It was a potion of curing.
You feel better.
The wight hits you from afar with a +5 spear.
* * * LOW HITPOINT WARNING * * *
The hound bites you.
* * * LOW HITPOINT WARNING * * *
The wight hits you from afar with a +5 spear!
You die...

............ ..
........... .
.......... # .
......... #. #.
#).#.....
#..#.##..#.....
#.....#z...!...
#.......h#.##..
######)@## #
#.$# #....
##.... #.....
#####.# ##


You could see a hound and a wight.

Vanquished Creatures
  A black bear (D:5)
  A bullfrog (D:4)
  4 scorpions (D:5)
  A water moccasin skeleton (D:5)
  2 wights (D:6)
  A centaur zombie (D:5)
  2 hounds
  An orc priest (D:3)
  A bullfrog zombie (D:5)
  An iguana (D:5)
  A bullfrog skeleton (D:5)
  An orc wizard (D:5)
  2 hound skeletons (D:4)
  A howler monkey zombie (D:5)
  12 adders
  7 gnolls
  A worm (D:3)
  A dart slug (D:3)
  7 orcs
  3 ball pythons
  5 endoplasms
  5 giant cockroaches
  4 hobgoblins
  8 kobolds
  8 bats
  8 frilled lizards
  7 goblins
  3 rats
99 creatures vanquished.

Vanquished Creatures (others)
  195 foxfires
  12 fungi (D:5)
207 creatures vanquished.

Grand Total: 306 creatures vanquished

Notes
Turn   | Place    | Note
-------+----------+-------------------------------------------
     0 | D:1      | robertstho the Djinni Fire Elementalist began the quest for
                  | the Orb.
     0 | D:1      | Reached XP level 1. HP: 15/15 MP: 0/0
   364 | D:1      | Reached XP level 2. HP: 19/21 MP: 0/0
   402 | D:1      | Found a faded altar of an unknown god.
   868 | D:1      | Reached skill level 3 in Spellcasting
   965 | D:1      | Reached XP level 3. HP: 22/25 MP: 0/0
   965 | D:1      | Learned a level 1 spell: Sandblast
  2200 | D:2      | Reached XP level 4. HP: 18/31 MP: 0/0
  2951 | D:3      | Reached XP level 5. HP: 30/35 MP: 0/0
  2951 | D:3      | Learned a level 2 spell: Ensorcelled Hibernation
  2954 | D:3      | Reached skill level 4 in Spellcasting
  4364 | D:4      | Found Tamamuc's Magic Scroll Shoppe.
  4373 | D:4      | Bought a scroll of amnesia for 35 gold pieces
  4373 | D:4      | Bought a scroll of identify for 20 gold pieces
  4373 | D:4      | Bought a scroll of teleportation for 30 gold pieces
  4373 | D:4      | Bought a scroll of fog for 20 gold pieces
  4373 | D:4      | Bought a scroll of identify for 20 gold pieces
  4493 | D:4      | Reached XP level 6. HP: 37/40 MP: 0/0
  4807 | D:4      | Reached skill level 5 in Spellcasting
  4874 | D:4      | Found a white marble altar of Elyvilon.
  4929 | D:4      | Found a sacrificial altar of Ru.
  4956 | D:5      | Entered Level 5 of the Dungeon
  5233 | D:5      | Noticed a black bear
  5238 | D:5      | Reached XP level 7. HP: 31/45 MP: 0/0
  5238 | D:5      | Learned a level 3 spell: Lesser Beckoning
  5852 | D:5      | Found Niewus's Jewellery Emporium.
  6174 | D:5      | Reached skill level 6 in Spellcasting
  6812 | D:5      | Reached XP level 8. HP: 30/51 MP: 0/0
  7380 | D:6      | Reached skill level 7 in Spellcasting
  7383 | D:6      | Slain by a wight

Illustrated notes

Levels and vault maps discovered:
D:1:      dpeg_arrival_round_a, layout_basic,
          hellmonk_ecumenical_altar_defaced_shrine,
          minmay_misc_feat_secret_circle, minivault_4,
          kennysheep_decorative_pillar
D:2:      layout_rooms, lemuel_old_faithful
D:3:      layout_loops_ring, skrybe_limestone_x
D:4:      layout_basic, mainiacjoe_overflow_swirl, serial_shops,
          nicolae_shop_statue_plus, nrook_loot_triangle
D:5:      old_forge, layout_basic, serial_shops, nicolae_take_the_stairs
D:6:      layout_cave_pools, kennysheep_generic_room_13, uniq_pikel, uniq_edmund

Skill      XL: |  1  2  3  4  5  6  7  8 |
---------------+-------------------------+-----
Spellcasting   | 3 4 5 6 7 |  7.0
Stealth        | 2 |  2.7
Dodging        | 3 |  3.5
Fighting       | |  0.3

Action                   |  1- 3 |  4- 6 |  7- 9 || total
-------------------------+-------+-------+-------++-------
Melee: Dagger            |       |     1 |     6 ||     7
 Cast: Foxfire           |    65 |    39 |    21 ||   125
       Scorch            |    17 |    46 |    38 ||   101
       Flame Wave        |       |       |     5 ||     5
       Conjure Flame     |       |       |     1 ||     1
  Use: Scroll            |       |     5 |     2 ||     7
       Potion            |       |       |     2 ||     2
Armor: Robe              |       |     3 |     3 ||     6
Dodge: Dodged            |     1 |    12 |    31 ||    44

Table legend: (Time is in decaauts)
 A = Elapsed time spent in this place.
 B = Non-inter-level travel time spent in this place.
 C = Inter-level travel time spent in this place.
 D = Time resting spent in this place.
 E = Time spent auto-exploring this place.
 F = Levels seen in this place.
 G = Mean time per level.
                   A        B        C        D        E       F      G
               +--------+--------+--------+--------+--------+-----+--------+
         Total |   7364 |   7139 |    225 |    757 |   5761 |   6 | 1227.3 |
       Dungeon |   7364 |   7139 |    225 |    757 |   5761 |   6 | 1227.3 |
               +--------+--------+--------+--------+--------+-----+--------+

Top non-repeatable levels by time:
     D:5: 1885 daAuts
     D:2: 1441 daAuts
     D:1: 1362 daAuts
     D:4: 1333 daAuts
     D:3: 1323 daAuts
     D:6: 17 daAuts
